AoeStats
← PROJECTX

Black Forest

509469312Analyzed
4v4 RM · 6d ago on Sep 26, 2026· 41m 20s· 8 players
Game mode
Random Map
Map size
Large (8 player)
Population
200
Speed
Normal
Resources
Standard
Victory
Conquest
Starting age
Dark Age
Ending age
Imperial Age
RankedLock teamsTeams togetherTeam positionsShared explorationLock speedFull tech treeHidden civsTurbo modeCheats
Victory
Defeat
🇩🇪 Italians · Germany
1090
+14
🇬🇧 Bengalis · United Kingdom
1058
+15
🇹🇷 Vietnamese · Türkiye
1025
+17
🇩🇪 Goths · Germany
985
+19
🇨🇳 Turks · China
1091
-18
🇺🇸 Japanese · United States
1066
-17
🇩🇪 Chinese · Germany
1015
-15
🇨🇦 Hindustanis · Canada
1003
-15
PROJECTX
0:57 Loom
13:54 Feudal Age
22:16 Gold Mining
22:56 Double-Bit Axe
26:19 Horse Collar
cagatai
1:21 Loom
14:15 Feudal Age
15:18 Double-Bit Axe
16:10 Wheelbarrow
19:20 Horse Collar
21:57 Castle Age
19:59 Stone Mining
20:58 Stone Mining
21:07 Gold Mining
24:36 Bow Saw
24:28 Heavy Plow
26:35 Town Watch
27:10 Hand Cart
28:36 Sanctity
31:32 Imperial Age
30:20 Stone Shaft Mining
31:05 Masonry
30:37 Treadmill Crane
33:54 Ballistics
33:30 Fletching
33:40 Padded Archer Armor
33:46 Scale Barding Armor
35:04 Chemistry
35:51 Hoardings
35:52 Thumb Ring
36:53 Scale Mail Armor
36:45 Elite Skirmisher
37:41 Forging
38:09 Chatras
38:22 Bodkin Arrow
40:25 Bracer
41:27 Bloodlines
StinkyNewt
11:09 Feudal Age
14:11 Double-Bit Axe
14:08 Horse Collar
17:08 Castle Age
20:23 Loom
22:43 Wheelbarrow
24:22 Bow Saw
27:31 Heavy Plow
28:18 Gold Mining
33:01 Imperial Age
30:48 Hand Cart
30:03 Elite Skirmisher
31:20 Fortified Wall
31:34 Ballistics
31:57 Fletching
32:10 Padded Archer Armor
33:26 Gold Shaft Mining
33:24 Bodkin Arrow
33:47 Leather Archer Armor
33:52 Paiks
34:11 Conscription
33:20 Imperial Skirmisher
35:22 Bracer
35:53 Ring Archer Armor
35:32 Scale Barding Armor
35:37 Forging
35:50 Mahayana
35:37 Elite Elephant Archer
37:01 Devotion
38:06 Chemistry
37:12 Siege Engineers
37:48 Iron Casting
39:06 Chain Barding Armor
39:47 Blast Furnace
39:44 Elite Battle Elephant
42:08 Two-Man Saw
41:41 Crop Rotation
41:53 Plate Barding Armor
Kim-Jong-Kill
5:13 Loom
12:02 Feudal Age
17:03 Castle Age
15:23 Double-Bit Axe
23:59 Imperial Age
22:25 Squires
22:30 Scale Mail Armor
22:41 Forging
24:32 Chain Mail Armor
24:53 Iron Casting
28:52 Conscription
33:24 Blast Furnace
BuddyDudeMan
1:25 Loom
12:15 Feudal Age
13:11 Double-Bit Axe
13:54 Gold Mining
14:38 Stone Mining
15:48 Wheelbarrow
17:00 Horse Collar
21:16 Castle Age
22:39 Bow Saw
23:04 Heavy Plow
23:46 Stone Shaft Mining
23:46 Gold Shaft Mining
23:54 Gold Shaft Mining
24:04 Fletching
26:12 Grand Trunk Road
28:08 Bloodlines
29:11 Scale Barding Armor
29:29 Forging
30:32 Husbandry
35:08 Hand Cart
NMircea
1:13 Loom
14:07 Feudal Age
15:54 Double-Bit Axe
16:38 Fishing Lines
21:35 Castle Age
20:44 Horse Collar
23:16 Wheelbarrow
23:17 Gillnets
23:39 Bow Saw
24:53 Hand Cart
37:14 Gold Mining
scott.hurstell
0:27 Loom
14:28 Feudal Age
14:54 Double-Bit Axe
14:49 Horse Collar
19:54 Wheelbarrow
22:49 Castle Age
23:40 Bow Saw
24:29 Heavy Plow
24:33 Gold Mining
24:33 Stone Mining
28:03 Forging
27:54 Scale Mail Armor
31:00 Squires
33:15 Iron Casting
32:55 Chain Mail Armor
35:32 Imperial Age
35:19 Gold Shaft Mining
34:32 Arson
gregyostnerij
2:25 Loom
11:59 Feudal Age
12:28 Double-Bit Axe
19:23 Castle Age
18:13 Fishing Lines
23:11 Wheelbarrow
22:25 Town Watch
23:12 Bow Saw
23:08 Stone Mining
23:51 Gillnets
24:11 Gold Mining
24:09 Horse Collar
28:43 Imperial Age
26:03 Treadmill Crane
26:38 Heavy Plow
27:19 Masonry
27:02 Fletching
27:13 Padded Archer Armor
28:22 Hand Cart
29:32 Thumb Ring
29:36 Bodkin Arrow
29:41 Padded Archer Armor
30:18 Conscription
30:18 Sipahi
32:05 Two-Man Saw
31:57 Gold Shaft Mining
32:23 Parthian Tactics
32:28 Bloodlines
32:19 Husbandry
33:33 Forging
33:32 Scale Barding Armor
35:32 Chain Barding Armor
35:47 Iron Casting
35:13 Heavy Cavalry Archer
36:06 Artillery
37:45 Plate Barding Armor
38:11 Blast Furnace
37:43 Ballistics
37:43 Bombard Tower
37:55 Architecture
38:16 Bracer
38:32 Leather Archer Armor
Connection lost

Rejoining the realm…

Still unreachable

The connection could not be restored.

Session expired

The server has moved on; the page needs a fresh start.